 Dungeon Crawl Stone Soup version 0.27-a0-898-g810843a28d (webtiles) character file.

Game seed: 9043262847511884089

220 Alarkh the Ruffian (level 5, 38/38 HPs)
             Began as a Demonspawn Gladiator on Apr 5, 2021.
             Got out of the dungeon alive.
             The game lasted 00:03:22 (1934 turns).

Alarkh the Ruffian (Demonspawn Gladiator)           Turns: 1934, Time: 00:03:22

Health: 38/38      AC:  5    Str: 15    XL:     5   Next: 64%
Magic:  5/5        EV: 12    Int: 16    God:
Gold:   86         SH:  0    Dex: 14    Spells: 4/4 levels left

rFire    + . .     SeeInvis .     - Unarmed
rCold    + . .     Faith    .   (no shield)
rNeg     . . .     Spirit   .   a - +0 leather armour
rPois    .         Reflect  .   b - +0 helmet
rElec    .         Harm     .   m - scarf {rC+ rF+}
rCorr    +         Rampage  .   g - +0 pair of gloves
Will     .....                  (no boots)
Stlth    +.........             l - amulet of regeneration
HPRegen  1.12/turn              j - ring of resist corrosion
MPRegen  0.09/turn              o - +6 ring of intelligence

@: no status effects
A: hooves 1, foul stench 1, powered by death 1
a: no special abilities


You escaped.
You visited 1 branch of the dungeon, and saw 3 of its levels.

You collected 86 gold pieces.

Inventory:

Missiles
 c - 3 throwing nets (quivered)
Armour
 a - a +0 leather armour (worn)
 b - a +0 helmet (worn)
 g - a +0 pair of gloves (worn)
 m - a scarf of resistance (worn)
Jewellery
 j - a ring of resist corrosion (left hand)
 l - an amulet of regeneration (around neck)
 o - a +6 ring of intelligence (right hand)
 q - a ring of see invisible
Scrolls
 e - a scroll of teleportation {unknown}
 f - 2 scrolls of identify {unknown}
 i - 2 scrolls of enchant armour {unknown}
 k - 2 scrolls of amnesia {unknown}
Potions
 d - a potion of heal wounds {unknown}
 h - a potion of brilliance
 n - 2 potions of lignification {unknown}
 p - 2 potions of berserk rage {unknown}
 r - 2 potions of cancellation {unknown}


   Skills:
 - Level 2.0 Fighting
 - Level 1.7 Throwing
 - Level 2.6 Dodging
 + Level 5.9 Unarmed Combat


You had 4 spell levels left.
You didn't know any spells.
Your spell library contained the following spells:

 Spells                   Type           Power      Damage    Failure   Level
 Confusing Touch          Hex            0%         N/A       67%         3
 Gell's Gravitas          Tloc           0%         N/A       67%         3
 Petrify                  Tmut/Erth      0%         N/A       97%         4
 Metabolic Englaciation   Hex/Ice        0%         N/A       100%        5
 Yara's Violent Unravell  Hex/Tmut       0%         3d3       100%        5


Dungeon Overview and Level Annotations

Branches:
Dungeon (3/15)

Altars:
Wu Jian

Shops:
D:2 [(**:


Innate Abilities, Weirdness & Mutations

You have large cloven feet.
You may rarely emit foul miasma when damaged in melee.
You regenerate a little health from kills.


Message History

Found a stone staircase leading down.
You hit the dart slug.
The dart slug is heavily wounded.
The dart slug barely misses you.
You punch the dart slug!
You kill the dart slug!
No target in view!
No target in view!
No target in view!
No target in view!
No target in view!
No target in view!
No target in view!
No target in view!
No target in view!
No target in view!
Found a ring mail.
There is a stone staircase leading down here.
Found a stone staircase leading down.
Found a runed long sword.
p - 2 purple potions No target in view!
q - a ring of see invisible You now have 86 gold pieces (gained 17).
r - 2 viscous emerald potions
Found 21 arrows.
Done exploring.
Done exploring.
(D) Dungeon
Where to? (Enter - D:3, ? - help)
What level of the Dungeon? (default 1, ? - help)
There is a stone staircase leading up here.
You climb upwards.
There is a stone staircase leading down here.
There is a stone staircase leading up here.
You climb upwards.
There is a stone staircase leading down here.
There is a staircase leading out of the dungeon here.
Are you sure you want to leave the Dungeon?
This will make you lose the game!
You have escaped!

######.....###...P#..
#.....###..# #....#..
#.....# #..# #..PP#.#
####.####..########.#
##≈#.#≈##..##......÷.
####≈♣....≈##.#..####.#.
#.#≈♣8♣..8.≈#...........
#.##≈♣....≈##..######..#
#.##≈P.@.P≈##.## ##..
#.#≈P8P≈P8P≈#.# #..#
###.##≈P≈≈≈P≈##.# #...
#....##≈#.#≈##..#######...
#.#######.###...##...##...
#.# #.#.##..#######... #.#
#...##.....†......
#######.###
###.##.>.#†.......
#.........#
#.#..#.#........


There were no monsters in sight!

Vanquished Creatures
  A wyvern (D:3)
  3 adders
  3 dart slugs
  An orc (D:3)
  4 bats
  2 endoplasms
  3 giant cockroaches
  2 goblins
  7 hobgoblins
  4 jackals (D:2)
  A quokka (D:2)
  6 ball pythons
  4 frilled lizards (D:1)
  3 kobolds
  5 rats
49 creatures vanquished.

Vanquished Creatures (others)
  5 plants (D:1)
  4 toadstools (D:1)
9 creatures vanquished.

Grand Total: 58 creatures vanquished

Notes
Turn   | Place    | Note
-------+----------+-------------------------------------------
     0 | D:1      | Alarkh the Demonspawn Gladiator began the quest for the
                  | Orb.
     0 | D:1      | Reached XP level 1. HP: 16/16 MP: 1/1
   129 | D:1      | Found a faded altar of an unknown god.
   134 | D:1      | Reached skill level 3 in Unarmed Combat
   188 | D:1      | Gained mutation: You regenerate a little health from kills.
                  | [demonic ancestry]
   188 | D:1      | Reached XP level 2. HP: 18/22 MP: 2/2
   692 | D:2      | Gained mutation: You have large cloven feet. [demonic
                  | ancestry]
   692 | D:2      | Reached XP level 3. HP: 27/27 MP: 3/3
   703 | D:2      | Found Kaodwemm's Assorted Antiques.
   779 | D:2      | Found Jyavo's Assorted Antiques.
   790 | D:2      | Reached skill level 4 in Unarmed Combat
   791 | D:2      | Found Daoce's Weapon Emporium.
   798 | D:2      | You fall into a shaft and drop 1 floor!
   904 | D:2      | Found Agoerr's Book Boutique.
  1091 | D:2      | Gained mutation: You may rarely emit foul miasma when
                  | damaged in melee. [demonic ancestry]
  1091 | D:2      | Reached XP level 4. HP: 25/33 MP: 4/4
  1148 | D:2      | Found Seic's Armour Boutique.
  1347 | D:3      | Noticed a wyvern
  1359 | D:3      | Killed a wyvern
  1360 | D:3      | Reached skill level 5 in Unarmed Combat
  1360 | D:3      | Reached XP level 5. HP: 7/38 MP: 5/5
  1746 | D:3      | Found an ornate altar of the Wu Jian Council.
  1934 | D:$      | Got out of the dungeon alive.

Illustrated notes

Levels and vault maps discovered:
D:1:      ldierk_walled_garden_2, layout_rooms,
          chequers_ecumenical_altar_simple, serial_aquarium,
          aquarium_bridge_long_separate [aquarium_subvault_window,
          aquarium_subvault_bridge, aquarium_subvault_bridge,
          aquarium_subvault_bridge, aquarium_subvault_balcony,
          aquarium_subvault_wall], aquarium_window_corner, aquarium_window_fake,
          aquarium_view_2e, interstate_on_off, amcnicky_mini_corridor_feature,
          minmay_misc_feat_rows, serial_bayou_lagoon_a
D:2:      layout_loops_ring, serial_shops, shop, shop, shop, shop_fountains,
          nicolae_shop_behind_doors
D:3:      layout_rooms, lemuel_doored_altar

Skill      XL: |  1  2  3  4 |
---------------+-------------+-----
Unarmed Combat | 3 4 5 |  5.9
Fighting       | |  2.0
Throwing       | |  1.7
Dodging        | |  2.6

Action                   |  1- 3 |  4- 6 || total
-------------------------+-------+-------++-------
Melee: Unarmed           |   119 |    27 ||   146
       Kick              |     9 |     9 ||    18
       Punch             |     3 |     1 ||     4
  Use: Potion            |       |     1 ||     1
Armor: Leather armour    |    39 |     5 ||    44
Dodge: Dodged            |    74 |    17 ||    91

Table legend: (Time is in decaauts)
 A = Elapsed time spent in this place.
 B = Non-inter-level travel time spent in this place.
 C = Inter-level travel time spent in this place.
 D = Time resting spent in this place.
 E = Time spent auto-exploring this place.
 F = Levels seen in this place.
 G = Mean time per level.
                   A        B        C        D        E       F      G
               +--------+--------+--------+--------+--------+-----+--------+
         Total |   1928 |   1852 |     76 |    257 |   1267 |   3 |  642.7 |
       Dungeon |   1928 |   1852 |     76 |    257 |   1267 |   3 |  642.7 |
               +--------+--------+--------+--------+--------+-----+--------+

Top non-repeatable levels by time:
     D:1: 657 daAuts
     D:2: 646 daAuts
     D:3: 624 daAuts
